 Dungeon Crawl Stone Soup version 0.30-a0-1035-g38d5fb2972 (webtiles) character file.

Game seed: 14809253548224420861

74830 juan097 the Nimble (level 15, -10/66 HPs)
             Began as a Felid Air Elementalist on Apr 7, 2023.
             Was a High Priest of Fedhas.
             Killed by the air
             ... invoked by a wind drake
              (25 damage)
             ... on level 3 of the Shoals on Apr 8, 2023.
             The game lasted 03:02:09 (54899 turns).

juan097 the Nimble (Felid Air Elementalist)        Turns: 54899, Time: 03:02:10

Health: -10/66     AC:  3    Str:  4    XL:     15   Next: 7%
Magic:  13/29      EV: 31    Int: 24    God:    Fedhas [*****.]
Gold:   1245       SH:  0    Dex: 23    Spells: 3/32 levels left
                                        Lives:  0   Deaths: 4

rFire   . . .      SeeInvis +      - Unarmed
rCold   + . .      Faith    .    (shield unavailable)
rNeg    . . .      Spirit   .    (body armour unavailable)
rPois   +          Reflect  .    (helmet unavailable)
rElec   .          Rampage  .    (cloak unavailable)
rCorr   .                        (gloves unavailable)
Will    +++..                    (boots unavailable)
Stlth   +++++                    A - amulet of the acrobat
HPRegen 0.31/turn                w - ring of poison resistance
MPRegen 0.21/turn                Q - ring "Nokenuk" {Will+ Dex+6}

@: very slightly contaminated, studying Ice Magic, quick
A: very small, claws 1, fangs 3, see invisible, speed 1, shaggy fur 3, stealthy
paws, no weapons or thrown items, no armour, multi-lived
a: Renounce Religion, Wall of Briars, Grow Ballistomycete, Overgrow, Grow Oklob


You were on level 3 of the Shoals.
You worshipped Fedhas.
Fedhas was extremely pleased with you.
You visited 5 branches of the dungeon, and saw 26 of its levels.
You also visited: Ossuary and Ice Cave.

You collected 2708 gold pieces.
You spent 1463 gold pieces at shops.

Inventory:

Jewellery
 m - a ring of protection from fire
 p - a ring of ice
 w - a ring of poison resistance (left paw)
 A - an amulet of the acrobat (around neck)
 D - a ring of protection from cold
 G - a ring of flight
 Q - the ring "Nokenuk" (right paw) {Will+ Dex+6}
   (You found it in an ice cave)

   [ring of dexterity]

   Dex:       It affects your dexterity (+6).
   Will:      It increases your willpower.
 R - a ring of positive energy
Wands
 b - a wand of flame (41)
 j - a wand of polymorph (25)
 z - a wand of digging (1)
 F - a wand of charming (5)
 L - a wand of light (10)
 M - a wand of roots (12)
 O - a wand of mindburst (4)
Scrolls
 f - 4 scrolls of fog
 l - a scroll of magic mapping
 n - 15 scrolls of teleportation
 r - 2 scrolls of blinking
 s - 7 scrolls of vulnerability
 t - 2 scrolls of fear
 u - 2 scrolls of butterflies
 v - 6 scrolls of amnesia
 y - a scroll of silence
 H - 4 scrolls of poison
 I - 4 scrolls of immolation
 N - 4 scrolls of identify
Potions
 a - 2 potions of magic
 c - 8 potions of haste
 d - 4 potions of berserk rage
 e - 6 potions of attraction
 g - 5 potions of lignification
 h - 5 potions of brilliance
 i - 12 potions of curing
 k - 7 potions of might
 o - 9 potions of ambrosia
 q - 6 potions of heal wounds
 B - 7 potions of mutation
 C - a potion of flight
 K - 3 potions of resistance
 P - a potion of cancellation
Miscellaneous
 x - a phial of floods
 E - a box of beasts
 J - a lightning rod (4/4)


   Skills:
 - Level 8.0 Fighting
 - Level 14.0 Dodging
 - Level 12.0 Stealth
 - Level 6.0 Unarmed Combat
 - Level 9.0 Spellcasting
 + Level 11.1 Conjurations
 - Level 4.0 Translocations
 - Level 8.0 Transmutations
 + Level 11.1 Air Magic
 - Level 2.0 Poison Magic
 - Level 13.0 Invocations
 - Level 8.0 Evocations


You had 3 spell levels left.
You knew the following spells:

 Your Spells              Type           Power      Damage    Failure   Level
b - Arcjolt               Conj/Air       29%        1d39      1%          5
c - Swiftness             Air            59%        N/A       1%          3
d - Airstrike             Air            29%        2d(5-21)  1%          4
e - Mephitic Cloud        Conj/Pois/Air  49%        N/A       1%          3
f - Conjure Ball Lightni  Conj/Air       29%        3x3d8     10%         6
g - Irradiate             Conj/Tmut      27%        3d20      3%          5
h - Vhi's Electric Charg  Tloc/Air       94%        N/A       1%          3

Your spell library contained the following spells:

 Spells                   Type           Power      Damage    Failure   Level
 Foxfire                  Conj/Fire      100%       2x1d9     1%          1
 Kiss of Death            Conj/Necr      100%       2d13      1%          1
 Magic Dart               Conj           100%       1d8       1%          1
 Shock                    Conj/Air       100%       1d9       1%          1
 Static Discharge         Conj/Air       100%       2-7/arc   1%          2
 Hailstorm                Conj/Ice       37%        3d9       1%          3
 Ignite Poison            Fire/Tmut/Pois 26%        N/A       4%          3
 Freeze                   Ice            40%        1d6       6%          1
 Slow                     Hex            40%        N/A       6%          1
 Summon Small Mammal      Summ           40%        N/A       6%          1
 Call Imp                 Summ           20%        N/A       9%          2
 Call Canine Familiar     Summ           10%        N/A       17%         3
 Confusing Touch          Hex            10%        N/A       17%         3
 Frozen Ramparts          Ice            20%        1d4       17%         3
 Summon Guardian Golem    Hex/Summ       10%        N/A       17%         3
 Tukima's Dance           Hex            10%        N/A       17%         3
 Vampiric Draining        Necr           10%        2d6       17%         3
 Iskenderun's Battlesphe  Conj           59%        2d11      1%          5
 Sticky Flame             Conj/Fire      37%        2d6       6%          4
 Blade Hands              Tmut           24%        N/A       6%          5
 Fireball                 Conj/Fire      18%        3d9       17%         5
 Cause Fear               Hex            5%         N/A       50%         4
 Iron Shot                Conj/Erth      18%        9d4       67%         6
 Plasma Beam              Fire/Air       18%        2x1d33    67%         6
 Starburst                Conj/Fire      18%        6d7       67%         6
 Dragon Form              Tmut           24%        N/A       88%         7
 Spellforged Servitor     Conj/Summ      18%        N/A       99%         7
 Maxwell's Capacitive Co  Air            29%        ∞         99%         8
 Ignition                 Fire           5%         3d4       100%        8
 Dragon's Call            Summ           5%         N/A       100%        9
 Portal Projectile        Hex/Tloc       Unusable   N/A       N/A         3

Dungeon Overview and Level Annotations

Branches:
Dungeon (15/15)            Temple (0/1) D:7            Lair (5/5) D:10
 Shoals (3/4) Lair:3        Snake (1/4) Lair:3        Slime (0/5) Lair:4
    Orc (2/2) D:11            Elf (0/3) Orc:2        Vaults (0/5) D:14
 Depths (0/4) D:15        Ossuary (visited)           IceCv (visited)

Altars:
Ashenzari
Cheibriados
Dithmenos
Fedhas
Kikubaaqudgha
Makhleb
Okawaru
Qazlal
Ru
Trog
Vehumet
Wu Jian
Xom
Yredelemnul
The Shining One

Shops:
D:5 *   D:7 =   D:15 [   Orc:1 (   Orc:2 ([*?*?:[:   Shoals:1 ?(:*   Shoals:2 :

Portals:
Trove: D:10 (give 4 potions of resistance)

Annotations:
D:4 Duvessa
D:9 exclusion: centaur, Erolcha
Lair:1 1 runed translucent door, hgbash's ghost, novice MiFi
Shoals:2 Louise; Roxanne


Innate Abilities, Weirdness & Mutations

You have sharp claws.
You have razor-sharp teeth.
You have supernaturally acute eyesight. (SInv)
You cover ground quickly. (Speed+)
Your thick and shaggy fur keeps you warm. (AC +3, rC+)
Your paws help you pounce on unaware monsters.
You are incapable of wielding weapons or throwing items.
You cannot wear armour.
You gain extra lives every three experience levels.


Message History

The wind drake hisses angrily. 3 ball lightnings come into view.
The shadowy forms in the deep grow still as others approach.
The snapping turtle bites you from afar!
The merfolk avatar chants a haunting song.
You easily resist.
Your ball lightning explodes!
The blast of lightning engulfs the snapping turtle!
The snapping turtle is moderately wounded.
The blast of lightning engulfs your ball lightning.
Your ball lightning completely resists.
You hear a screech!
You hear a bleat! x2; You hear a shout!
You hear a screech!
You hear a shout!
Your ball lightning explodes!
The blast of lightning engulfs the snapping turtle!
The snapping turtle is heavily wounded.
The blast of lightning engulfs your ball lightning.
Your ball lightning completely resists.
Your ball lightning explodes!
The blast of lightning engulfs the snapping turtle!!
The snapping turtle is severely wounded.
The merfolk avatar chants a haunting song.
You resist with almost no effort.
You hear a shout!
You hear a bleat!
The merfolk avatar chants a haunting song.
You easily resist.
Electricity surges outward!
You kill the snapping turtle!
Fedhas appreciates your contribution to the ecosystem.
Shadowy forms rise from the deep at the merfolk avatar's song!
The wind drake flaps its wings at you. The air twists around and strikes you!!
* * * LOW HITPOINT WARNING * * *
The shadowy forms in the deep grow still as others approach.
There is a stone staircase leading up here.
You see here a snapping turtle corpse.
The wind drake flaps its wings at you. The air twists around and strikes you!!
You die...
Fedhas appreciates your contribution to the ecosystem.

~~.~~~..#..~~~≈≈≈≈≈
.~..~~~.#..~~~~≈≈≈≈≈
.~≈≈~~÷~.#.~~m~≈≈≈≈≈≈
.~≈≈≈~~~##...~~≈≈≈≈≈≈
.~≈≈≈~~~....~~~≈≈≈≈≈≈
~~≈≈~~~~~)...~~~~≈≈≈≈
.~~≈~.~~~~~../.~~~≈≈≈
.~~~~W~<...@...~~≈≈≈≈
..~~~~~.......~~~≈≈≈≈
..~~~~~.......~~~≈≈≈≈
.~~~~~H..k....~~~≈≈≈≈
.~~~~~~......~~~≈≈≈≈≈
..H~~~~......~~~≈≈≈≈≈
....~~~.....~~~~≈≈≈≈≈
..~.~~~.....~~~~≈≈≈≈≈
.....~~.)...~~~~≈≈≈≈≈


You could see a merfolk avatar, a wind drake (repels missiles), a manticore and
a drowned soul (summoned).

Vanquished Creatures
  An azure jelly (D:15)
  A juggernaut zombie (D:15)
  3 orc warlords
  2 blizzard demons (IceCv)
  Josephine (Lair:4)
  4 vault guards (D:14)
  5 hydras
  6 centaur warriors
  A catoblepas (Lair:5)
  3 ogre magi
  Erica (D:9)
  A death knight (D:14)
  A merfolk avatar (Lair:5)
  An anaconda (Lair:3)
  12 two-headed ogres
  2 boulder beetles
  A tengu warrior (D:14)
  5 death yaks (Lair:5)
  3 skeletal warriors
  3 skysharks
  2 deep trolls (Orc:1)
  A flayed ghost (D:15)
  5 sea snakes
  A bog body (IceCv)
  4 spriggan simulacra (IceCv)
  2 wizards
  Pikel (D:7)
  5 harpies
  An iron dragon zombie (D:15)
  A mana viper (Lair:3)
  4 orc knights
  5 deep elf pyromancers
  A necromancer (D:15)
  A wolf spider (D:15)
  8 ugly things
  4 orc sorcerers
  A stone giant zombie (D:15)
  7 cyclopes
  10 manticores
  A merfolk siren (Shoals:1)
  15 elephants
  An eye of devastation (shapeshifter) (D:14)
  8 black mambas
  A guardian serpent (Lair:3)
  Maggie (D:9)
  An unseen horror (D:8)
  An eye of devastation (Lair:4)
  10 cane toads
  5 water nymphs
  Psyche (D:9)
  A torpor snail (Lair:4)
  7 komodo dragons
  2 kobold demonologists
  An efreet (D:15)
  7 freezing wraiths
  A golden dragon simulacrum (IceCv)
  6 ice devils (IceCv)
  3 rime drakes
  A tengu conjurer (D:14)
  3 wind drakes
  A queen bee (Orc:1)
  12 trolls
  8 polar bears
  Grinder (D:4)
  5 merfolk
  A hornet (Lair:5)
  4 snapping turtles
  6 blink frogs
  Sigmund (D:6)
  A vampire (D:12)
  A dire elephant simulacrum (IceCv)
  5 wyverns
  15 slime creatures
  8 wraiths
  22 yaks
  3 basilisks
  Eustachio (D:6)
  15 vampire mosquitoes
  5 minotaur simulacra (IceCv)
  4 steam dragons
  A swamp worm (D:8)
  4 harpy simulacra (IceCv)
  Edmund (D:6)
  3 wargs
  2 nagas
  2 hydra simulacra (IceCv)
  A floating eye (Lair:4)
  12 water moccasins
  4 black bears
  A sky beast (D:7)
  3 ettin simulacra (IceCv)
  25 orc warriors
  5 ice beasts
  18 ogres
  4 alligator simulacra (IceCv)
  10 wolves
  11 centaurs
  3 boggarts (D:14)
  2 kobold brigands (D:10)
  8 bullfrogs
  2 necrophages (D:6)
  10 deep troll simulacra (IceCv)
  15 wights
  4 scorpions
  A hornet simulacrum (D:8)
  Dowan (D:4)
  A lindwurm simulacrum (IceCv)
  31 killer bees
  4 howler monkeys
  10 electric eels
  2 human zombies
  4 jellies
  A centaur zombie (D:6)
  8 hounds
  Crazy Yiuf (D:6)
  23 orc priests
  A gnoll bouda (D:8)
  3 iguanas
  23 orc wizards
  A centaur simulacrum (D:8)
  16 mummies
  7 adders
  14 gnolls
  4 white imps
  A howler monkey simulacrum (D:8)
  5 ufetubi
  3 worms
  69 orcs
  7 endoplasms
  4 giant cockroaches
  11 goblins
  6 hobgoblins
  5 jackals
  23 kobolds
  8 quokkas
  7 ball pythons
  7 bats
  A frilled lizard (D:2)
  2 goblin skeletons (Ossuary)
  A hobgoblin zombie (D:6)
  4 kobold skeletons (Ossuary)
  2 orc skeletons (Ossuary)
  An orc zombie (D:6)
  3 rats
  11 rat skeletons (Ossuary)
  2 ballistomycete spores
807 creatures vanquished.

Vanquished Creatures (collateral kills)
  A centaur warrior (D:11)
  An obsidian statue (IceCv)
  A freezing wraith (IceCv)
  A komodo dragon (Lair:1)
  4 yaks (Lair:1)
  A harpy simulacrum (IceCv)
  2 centaurs (D:15)
  5 killer bees (D:9)
  95 ballistomycete spores
111 creatures vanquished.

Vanquished Creatures (others)
  A vampire mosquito (D:13)
  An ogre (Orc:2)
  A boggart simulacrum (D:14)
  An orc (Orc:1)
  6 ball lightnings (Shoals:3)
  5 ballistomycete spores
  26 fungi
  68 plants
  6 withered plants (D:15)
115 creatures vanquished.

Grand Total: 1033 creatures vanquished

Notes
Turn   | Place    | Note
-------+----------+-------------------------------------------
     0 | D:1      | juan097 the Felid Air Elementalist began the quest for the
                  | Orb.
     0 | D:1      | Reached XP level 1. HP: 7/7 MP: 4/4
    90 | D:1      | Reached skill level 1 in Conjurations
   533 | D:1      | Reached XP level 2. HP: 11/11 MP: 1/6
   986 | D:1      | Reached XP level 3. HP: 14/14 MP: 4/7
  1616 | D:2      | Learned a level 2 spell: Static Discharge
  1620 | D:2      | Learned a level 3 spell: Swiftness
  2291 | D:3      | Reached XP level 4. HP: 14/18 MP: 1/8
  2859 | D:3      | Identified the ring of the Tempest {Wiz *Slow rPois Slay+5}
  2863 | D:3      | Found a blossoming altar of Fedhas.
  3220 | D:3      | Became a worshipper of Fedhas Madash
  3365 | D:4      | Noticed Grinder
  3378 | D:4      | Reached XP level 5. HP: 21/21 MP: 6/9
  3388 | D:4      | Noticed Duvessa
  3388 | D:4      | Noticed Dowan
  3396 | D:4      | Noticed a black bear
  3882 | D:4      | Noticed a black bear
  3963 | D:4      | Reached skill level 5 in Stealth
  3967 | D:4      | Noticed an ogre
  4276 | D:5      | Entered Level 5 of the Dungeon
  4286 | D:5      | Reached * piety under Fedhas
  4515 | D:5      | Noticed a water moccasin
  4685 | D:4      | Gained mutation: You are covered in thick fur. (AC +2)
                  | [Felid growth]
  4685 | D:4      | Reached XP level 6. HP: 19/24 MP: 5/10
  5301 | D:5      | Killed from afar by an orc priest
  5302 | D:5      | Reached XP level 5. HP: -2/21 MP: 4/10
  5371 | D:5      | Reached XP level 6. HP: 14/24 MP: 5/11
  5502 | D:5      | Reached skill level 3 in Dodging
  5507 | D:5      | Learned a level 4 spell: Airstrike
  5755 | D:5      | Noticed a water moccasin
  6076 | D:4      | Reached skill level 4 in Dodging
  6182 | D:4      | Reached XP level 7. HP: 21/27 MP: 4/12
  6316 | D:4      | Reached skill level 1 in Unarmed Combat
  6680 | D:4      | Paralysed by Grinder for 5 turns
  6682 | D:4      | Slain by Grinder
  6683 | D:4      | Reached XP level 6. HP: -2/25 MP: 9/11
  6700 | D:5      | Reached skill level 1 in Fighting
  6759 | D:5      | Killed a water moccasin
  6937 | D:5      | Reached ** piety under Fedhas
  6938 | D:5      | Reached XP level 7. HP: 26/29 MP: 12/12
  7030 | D:5      | Found Zuvexu's Serpentskin Sales.
  7290 | D:6      | Noticed Edmund
  7349 | D:6      | Killed Edmund
  7350 | D:6      | Reached skill level 5 in Dodging
  7350 | D:6      | Reached skill level 1 in Invocations
  7385 | D:6      | Found a sand-covered staircase.
  7388 | D:6      | Reached skill level 5 in Air Magic
  7390 | Ossuary  | Entered an ossuary
  7888 | D:6      | Found a runed translucent door.
  7889 | D:6      | Noticed Crazy Yiuf
  7968 | D:6      | Identified the +9 long sword "Moehamie" {flame, rF++ MP-9
                  | Str+3 Stlth+}
  8009 | D:6      | Reached skill level 6 in Dodging
  8009 | D:6      | Reached XP level 8. HP: 28/33 MP: 13/13
  8080 | D:6      | Noticed Eustachio
  8139 | D:5      | Reached *** piety under Fedhas
  8230 | D:5      | Bought a ring of poison resistance for 260 gold pieces
  8651 | D:6      | Found an ancient bone altar of Kikubaaqudgha.
  8909 | D:6      | Noticed Sigmund
  9715 | D:7      | Reached XP level 9. HP: 23/36 MP: 7/14
 10127 | D:7      | Noticed Pikel
 10131 | D:7      | Killed Pikel
 10309 | D:7      | Found Reyclafi's Jewellery Boutique.
 10457 | D:8      | Noticed a polar bear
 10459 | D:8      | Killed a polar bear
 10656 | D:7      | Reached skill level 7 in Dodging
 10815 | D:7      | Found a staircase to the Ecumenical Temple.
 11189 | D:6      | Killed Eustachio
 11503 | D:4      | Killed Dowan
 11504 | D:4      | Reached skill level 5 in Invocations
 11692 | D:4      | Killed Grinder
 11693 | D:4      | Reached XP level 10. HP: 40/40 MP: 8/17
 12356 | D:7      | Reached **** piety under Fedhas
 12467 | D:8      | Reached skill level 8 in Dodging
 12804 | D:8      | Reached skill level 10 in Stealth
 12971 | D:8      | Reached skill level 5 in Spellcasting
 13789 | D:8      | Reached skill level 1 in Evocations
 13995 | D:8      | Found a bloodstained altar of Trog.
 13995 | D:8      | Found a sacrificial altar of Ru.
 13995 | D:8      | Found an iron altar of Okawaru.
 14113 | D:8      | Found a stormy altar of Qazlal.
 14117 | D:8      | Found a broken altar of Ashenzari.
 14118 | D:8      | Found an ornate altar of the Wu Jian Council.
 14170 | D:8      | Found a shadowy altar of Dithmenos.
 14174 | D:8      | Found a glowing golden altar of the Shining One.
 14175 | D:8      | Found a radiant altar of Vehumet.
 14774 | D:9      | Found a snail-covered altar of Cheibriados.
 15153 | D:9      | Noticed Erolcha
 15223 | D:9      | Learned a level 3 spell: Mephitic Cloud
 15449 | D:9      | Found a basalt altar of Yredelemnul.
 15517 | D:9      | Noticed Psyche
 15523 | D:9      | Killed Psyche
 15944 | D:9      | Noticed Maggie
 16041 | D:9      | Noticed Erica
 16051 | D:9      | Killed Erica
 16052 | D:9      | Reached skill level 9 in Dodging
 16052 | D:9      | Reached skill level 1 in Poison Magic
 16052 | D:9      | Reached XP level 11. HP: 25/45 MP: 11/20
 16492 | D:10     | Entered Level 10 of the Dungeon
 16973 | D:10     | Found a burning altar of Makhleb.
 17663 | D:10     | Found a portal to a secret trove of treasure.
 18036 | D:10     | Reached ***** piety under Fedhas
 18539 | D:10     | Found a staircase to the Lair.
 19092 | Lair:1   | Entered Level 1 of the Lair of Beasts
 19192 | Lair:1   | Reached skill level 10 in Dodging
 19437 | Lair:1   | Found a runed translucent door.
 19437 | Lair:1   | Found a shimmering altar of Xom.
 19437 | Lair:1   | Noticed hgbash's ghost (novice MiFi)
 20019 | D:11     | Noticed a centaur warrior
 20028 | D:11     | Killed a centaur warrior
 20029 | D:11     | Reached skill level 5 in Fighting
 20029 | D:11     | Reached skill level 5 in Unarmed Combat
 20190 | D:11     | Noticed a two-headed ogre
 20447 | D:11     | Killed a two-headed ogre
 21344 | D:11     | Found a staircase to the Orcish Mines.
 21916 | Orc:1    | Entered Level 1 of the Orcish Mines
 21999 | Orc:1    | Gained mutation: Your thick and shaggy fur keeps you warm.
                  | (AC +3, rC+) [Felid growth]
 21999 | Orc:1    | Reached XP level 12. HP: 52/52 MP: 17/22
 22743 | Orc:1    | Found an ornate altar of the Wu Jian Council.
 22743 | Orc:1    | Found a transporter.
 22773 | Orc:1    | Found a transporter.
 22780 | Orc:1    | Found a transporter.
 22800 | Orc:1    | Found a transporter.
 22801 | Orc:1    | Found an ornate altar of the Wu Jian Council.
 22801 | Orc:1    | Noticed an orc warlord
 22909 | Orc:2    | Entered Level 2 of the Orcish Mines
 22911 | Orc:2    | Noticed an ogre mage
 22918 | Orc:2    | Noticed a two-headed ogre
 23176 | D:10     | Reached ****** piety under Fedhas
 23463 | Lair:1   | Reached skill level 10 in Invocations
 24021 | Lair:2   | Noticed a seven-headed hydra
 24132 | Lair:2   | Found an iron altar of Okawaru.
 24431 | Lair:2   | Reached skill level 11 in Dodging
 24448 | Lair:2   | Killed a seven-headed hydra
 24793 | Lair:2   | Reached skill level 12 in Dodging
 25167 | Lair:3   | Found a staircase to the Snake Pit.
 25596 | Lair:3   | Identified the +1 quarterstaff of the Eleven Seas {venom,
                  | Will+ Stlth+}
 25902 | Lair:3   | Found a staircase to the Shoals.
 25916 | Lair:3   | Reached skill level 5 in Evocations
 26146 | Lair:3   | Reached XP level 13. HP: 55/55 MP: 17/24
 26692 | Lair:4   | Noticed Josephine
 26703 | Lair:4   | Killed Josephine
 26723 | Lair:4   | Paralysed by a floating eye for 3 turns
 27050 | Lair:4   | Found a staircase to the Slime Pits.
 27777 | D:9      | Killed Maggie
 27996 | D:6      | Killed Crazy Yiuf
 28174 | D:6      | Killed Sigmund
 30256 | Orc:1    | Reached skill level 10 in Air Magic
 30729 | Orc:2    | Slain by a two-headed ogre
 30730 | Orc:2    | Reached XP level 12. HP: -2/53 MP: 4/25
 30730 | Orc:2    | Found Foreb's Antique Weapon Shoppe.
 30730 | Orc:2    | Found Sutyrir's Antique Armour Emporium.
 30730 | Orc:2    | Killed a two-headed ogre
 30731 | Orc:2    | Found Zistrestru's Magic Scroll Boutique.
 30928 | Orc:2    | Found Cocrel Lula's Armour Boutique.
 30933 | Orc:2    | Found Pahac's Book Emporium.
 30933 | Orc:2    | Found Zuef's Book Shop.
 31053 | Orc:2    | Killed a two-headed ogre
 31057 | Orc:2    | Killed a two-headed ogre
 31058 | Orc:2    | Reached XP level 13. HP: 57/57 MP: 1/26
 31218 | Orc:2    | Found a staircase to the Elven Halls.
 31245 | Orc:2    | Found Imnumatha's General Store.
 31253 | Orc:2    | Bought a scroll of identify for 30 gold pieces
 31328 | Orc:2    | Found Gachuvoe's Magic Scroll Shoppe.
 31328 | Orc:2    | Found Udusy's Assorted Antiques.
 31331 | Orc:2    | Bought a scroll of noise for 14 gold pieces
 31344 | Orc:2    | Bought a coppery potion for 33 gold pieces
 31446 | Orc:2    | Noticed an orc warlord
 31791 | Orc:2    | Killed an orc warlord
 32090 | Orc:2    | Bought a scroll of identify for 28 gold pieces
 32099 | Orc:2    | Bought a scroll of identify for 20 gold pieces
 32099 | Orc:2    | Bought a scroll of identify for 20 gold pieces
 32442 | D:7      | Bought a ring of protection from fire for 275 gold pieces
 32442 | D:7      | Bought a ring of willpower for 275 gold pieces
 32594 | Lair:5   | Entered Level 5 of the Lair of Beasts
 32988 | Lair:5   | HP: 1/58 [komodo dragon (29)]
 33749 | Lair:5   | Reached skill level 5 in Conjurations
 35460 | Orc:2    | Bought the Textbook on Spellbinding Bolts for 456 gold
                  | pieces
 35467 | Orc:2    | Learned a level 6 spell: Conjure Ball Lightning
 35473 | Orc:2    | Learned a level 5 spell: Irradiate
 35488 | Orc:1    | Found Zussy's Antique Weapon Shoppe.
 35494 | Orc:1    | Noticed an orc warlord
 35680 | Orc:1    | Killed an orc warlord
 35681 | Orc:1    | Reached skill level 1 in Transmutations
 35725 | Orc:1    | Reached XP level 14. HP: 42/63 MP: 2/27
 35752 | Orc:1    | Reached skill level 13 in Dodging
 36124 | Orc:1    | Killed an orc warlord
 37569 | D:12     | Learned a level 3 spell: Vhi's Electric Charge
 38522 | D:12     | Reached skill level 1 in Translocations
 40009 | D:13     | Found an iron altar of Okawaru.
 40329 | D:14     | Upgraded the game from 0.30-a0-1018-g25214051b3 to
                  | 0.30-a0-1035-g38d5fb2972
 40520 | D:14     | Learned a level 5 spell: Arcjolt
 40856 | D:14     | Found an ornate altar of the Wu Jian Council.
 41383 | D:14     | Reached skill level 14 in Dodging
 41778 | D:14     | Reached skill level 5 in Transmutations
 42411 | D:14     | Found a gate to the Vaults.
 42781 | D:15     | Entered Level 15 of the Dungeon
 42782 | D:15     | Found Vydwyapu's Armour Shoppe.
 43063 | D:15     | Noticed an azure jelly
 43070 | D:15     | Killed an azure jelly
 43071 | D:15     | Reached XP level 15. HP: 61/66 MP: 5/28
 43183 | D:15     | Found a frozen archway.
 43280 | IceCv    | Entered an ice cave
 47617 | IceCv    | Engulfed by a blizzard demon's freezing vapour
 47618 | IceCv    | Reached XP level 14. HP: -1/63 MP: 0/27
 48216 | IceCv    | Identified the ring "Nokenuk" {Will+ Dex+6}
 48769 | D:15     | Found a staircase to the Depths.
 49040 | D:15     | Reached skill level 10 in Conjurations
 49579 | D:15     | Found a shadowy altar of Dithmenos.
 50032 | D:15     | HP: 1/63 [juggernaut zombie (62)]
 51010 | Snake:1  | Entered Level 1 of the Snake Pit
 51483 | Shoals:1 | Entered Level 1 of the Shoals
 51766 | Shoals:1 | Found Gulontac's Magic Scroll Shop.
 51786 | Shoals:1 | Bought a scroll of butterflies for 52 gold pieces
 52103 | Shoals:1 | Found Myts's Antique Weapon Emporium.
 52279 | Shoals:1 | Found Ofredai's Book Shoppe.
 52284 | Shoals:1 | Found Tizxadaf's Assorted Antiques.
 52799 | Shoals:1 | Identified the +7 eveningstar "Jellybane" {flame, Will+
                  | rCorr}
 53564 | Shoals:2 | Noticed Louise
 53893 | Shoals:2 | Found Siah's Book Shop.
 53967 | Shoals:2 | Identified Roxanne's Parchment of Transmigration
 53967 | Shoals:2 | Noticed Roxanne
 54077 | Shoals:2 | Reached XP level 15. HP: 66/66 MP: 16/29
 54183 | Shoals:2 | Identified the +6 dagger of the Volcano {venom, rElec rPois
                  | Dex-5 SInv}
 54899 | Shoals:3 | Killed from afar by a wind drake

Illustrated notes

Levels and vault maps discovered:
D:1:      beargit_arrival_diablo_church, layout_basic, hangedman_feature_mirror
D:2:      layout_loops_ring, lightli_corner_chamber
D:3:      layout_basic, fedhas_altar_3
D:4:      layout_loops_ring, uniq_duvessa, uniq_grinder
D:5:      layout_basic, guppyfry_shop_venom
D:6:      layout_basic, lemuel_mausoleum_altar_kikubaaqudgha,
          nicolae_ossuary_entry_giza, uniq_crazy_yiuf_cottage, uniq_eustachio,
          uniq_sigmund, uniq_edmund
D:7:      layout_basic, minmay_temple_entry_from_below_b, serial_shops, shop,
          uniq_pikel
D:8:      layout_gridville, nicolae_overflow_hallway_of_the_gods, serial_ice,
          serial_ice_g, serial_ice_f, serial_ice_n, serial_ice_b, serial_ice_d,
          serial_ice_k, serial_ice_h, serial_ice_o, serial_ice_m, serial_ice_e,
          worms_lemuel
D:9:      layout_layer_cave, yredelemnul_altar_generic,
          mainiacjoe_overflow_alcove_2, uniq_psyche, uniq_erica, uniq_erolcha,
          uniq_maggie
D:10:     layout_basic, mainiacjoe_overflow_chevrons, erik_lair_island,
          enter_trove_0, nicolae_figureground_sparkle
D:11:     layout_small_grid, erik_orc_4
D:12:     layout_loops_ring, grunt_ministairs_3, chequers_arboretum,
          minmay_misc_feat_secret_circle, minmay_misc_feat_rows
D:13:     layout_roguey, kennysheep_okawaru_gauntlet
D:14:     layout_roguey, lightli_vaults_fourway_checkpoint,
          nzn_wu_jian_council_hall
D:15:     gammafunk_depths_entry_grave, layout_small_grid,
          nicolae_dithmenos_the_darkroom, portal_ice_cave_entry_frozen_things,
          serial_shops, nicolae_shop_statue_plus
Lair:1:   layout_hall_layers, ebering_ghost_xom
Lair:2:   layout_long_grid, basic_altar, cheibrodos_lair_caveside_slide
Lair:3:   layout_big_grid, nicolae_shoals_entry_roost,
          minmay_snake_entry_spellcaster, gammafunk_lair_bear_cave
Lair:4:   layout_hall_layers, minmay_slime_entry_eyes, serial_bayou_shore_b,
          uniq_josephine
Lair:5:   gammafunk_lair_ancient_temple, layout_gridlike, serial_bayou_shore_b,
          lemuel_fruit_fields
Shoals:1: layout_shoals, serial_shops, shop, shop, shop, nicolae_shop_trees
Shoals:2: layout_shoals, serial_shops, shop, uniq_louise, uniq_roxanne
Shoals:3: dreamdust_from_the_deep, layout_shoals, uniq_polyphemus
Snake:1:  layout_onion, grunt_megastairs_1, minmay_shop_grove, uniq_agnes
Orc:1:    dreamdust_wu_jian_sword_trials, layout_diamond_mine, special_room
          [special_room_bee], serial_shops, shop
Orc:2:    st_orc_open, layout_caves, serial_shops, shop, shop_coins, shop, shop,
          shop_fountains, nicolae_orc_stony_grotto

Skill      XL: |  1  2  3  4  5  6  7  8  9 10 11 12 13 14 15 |
---------------+----------------------------------------------+-----
Conjurations   | 1 2 3 4 6 10 11 | 11.1
Stealth        | 3 4 6 8 9 10 12 | 12.0
Air Magic      | 3 4 5 6 8 10 11 | 11.1
Spellcasting   | 3 4 5 6 8 9 |  9.0
Dodging        | 4 6 7 9 10 12 14 | 14.0
Unarmed Combat | 2 4 5 6 |  6.0
Fighting       | 1 2 3 5 7 8 |  8.0
Invocations    | 2 3 5 6 9 10 12 13 | 13.0
Evocations     | 2 4 5 8 |  8.0
Poison Magic   | 1 2 |  2.0
Transmutations | 1 7 8 |  8.0
Translocations | 4 |  4.0

Action                     |  1- 3 |  4- 6 |  7- 9 | 10-12 | 13-15 || total
---------------------------+-------+-------+-------+-------+-------++-------
  Melee: Unarmed           |    22 |    33 |    96 |   138 |   385 ||   674
         Bite              |     1 |     6 |    11 |    18 |    76 ||   112
         Punch             |       |     1 |     3 |     2 |    18 ||    24
   Cast: Shock             |    96 |   212 |    78 |   104 |    21 ||   511
         Static Discharge  |     1 |    13 |     6 |     6 |     1 ||    27
         Swiftness         |       |     2 |     2 |     2 |       ||     6
         Airstrike         |       |     1 |    26 |   283 |   627 ||   937
         Mephitic Cloud    |       |       |       |    11 |    79 ||    90
         Arcjolt           |       |       |       |       |   110 ||   110
         Conjure Ball Ligh |       |       |       |       |     2 ||     2
 Invoke: Wall of Briars    |       |       |     2 |     2 |     6 ||    10
         Grow Ballistomyce |       |       |       |     3 |    15 ||    18
         Grow Oklob        |       |       |       |       |     2 ||     2
  Evoke: Wand              |       |       |       |     6 |    30 ||    36
         Lightning rod     |       |       |       |       |    12 ||    12
         Phial of floods   |       |       |       |       |     1 ||     1
    Use: Scroll            |       |       |    10 |     8 |    20 ||    38
         Potion            |       |       |       |       |     4 ||     4
   Stab: Sleeping          |     2 |     4 |    29 |    12 |    15 ||    62
         Confused          |       |       |       |     8 |    63 ||    71
         Invisible         |       |       |       |     1 |     1 ||     2
 Armour: Skin              |     4 |     5 |     7 |    14 |    18 ||    48
  Dodge: Dodged            |    51 |    66 |    90 |   271 |   694 ||  1172

Table legend: (Time is in decaauts)
 A = Elapsed time spent in this place.
 B = Non-inter-level travel time spent in this place.
 C = Inter-level travel time spent in this place.
 D = Time resting spent in this place.
 E = Time spent auto-exploring this place.
 F = Levels seen in this place.
 G = Mean time per level.
                   A        B        C        D        E       F      G
               +--------+--------+--------+--------+--------+-----+--------+
         Total |  50138 |  46441 |   3697 |   2684 |  34951 |  28 | 1790.6 |
       Dungeon |  29135 |  26325 |   2810 |   1411 |  19681 |  15 | 1942.3 |
          Lair |   7790 |   7371 |    419 |    962 |   5358 |   5 | 1558.0 |
        Shoals |   3288 |   3166 |    122 |     74 |   2797 |   3 | 1096.0 |
     Snake Pit |     10 |     10 |      0 |      0 |      0 |   1 |   10.0 |
  Orcish Mines |   4996 |   4652 |    344 |    237 |   3399 |   2 | 2498.0 |
       Ossuary |    413 |    413 |      0 |      0 |    295 |   1 |  413.0 |
      Ice Cave |   4504 |   4504 |      0 |      0 |   3419 |   1 | 4504.0 |
               +--------+--------+--------+--------+--------+-----+--------+

Top non-repeatable levels by time:
   IceCv: 4504 daAuts
   Orc:1: 3611 daAuts
    D:10: 3367 daAuts
    D:14: 2894 daAuts
    D:12: 2252 daAuts
     D:8: 2199 daAuts
    D:15: 2162 daAuts
     D:6: 2000 daAuts
     D:7: 1995 daAuts
    D:11: 1952 daAuts
     D:9: 1933 daAuts
Shoals:1: 1848 daAuts
  Lair:3: 1800 daAuts
  Lair:4: 1782 daAuts
  Lair:5: 1781 daAuts
